 Dungeon Crawl Stone Soup version 0.31.0-12-g77e489cdc1 (webtiles) character file.

Game seed: 7846971779435112253

62 Doomgape the Trooper (level 4, -3/43 HPs)
             Began as a Gargoyle Fighter on Mar 1, 2024.
             Slain by an orc
             ... wielding a +0 whip
              (4 damage)
             ... on level 3 of the Dungeon.
             The game lasted 00:03:42 (1402 turns).

Doomgape the Trooper (Gargoyle Fighter)             Turns: 1402, Time: 00:03:42

Health: -3/43      AC: 22    Str: 22    XL:     4   Next: 8%
Magic:  4/4        EV:  2    Int:  8    God:
Gold:   130        SH:  0    Dex:  9    Spells: 3/3 levels left

rFire   . . .        a - +0 flail (venom)
rCold   . . .        c - +0 buckler
rNeg    + . .        b - melded +0 scale mail
rPois   ∞            (helmet currently unavailable)
rElec   .            (cloak currently unavailable)
rCorr   .            (gloves currently unavailable)
SInv    .            (boots currently unavailable)
Will    .....        (no amulet)
Stlth   +            (no ring)
HPRegen 0.27/turn    (no ring)
MPRegen 0.09/turn

%: no passive effects
@: confused, mighty, tree-form
A: stationary, stasis, torment immunity, boosted hp, sickness immunity, AC +3,
negative energy resistance 1, (electricity resistance), torment resistance 1,
petrification resistance
a: no special abilities


You were on level 3 of the Dungeon.
You were a tree.
You visited 1 branch of the dungeon, and saw 3 of its levels.

You collected 130 gold pieces.

Inventory:

Hand Weapons
 a - a +0 flail of venom (weapon)
Armour
 b - a +0 scale mail (melded)
 c - a +0 buckler (worn)
Scrolls
 e - a scroll of teleportation {unknown}
 i - a scroll of silence {unknown}
 j - 4 scrolls of identify {unknown}
 k - a scroll of amnesia {unknown}
Potions
 d - a potion of might
 g - a potion of brilliance {unknown}


   Skills:
 + Level 3.9 Fighting
 + Level 2.7 Maces & Flails
 + Level 3.9 Armour
 + Level 3.9 Shields


You had 3 spell levels left.
You didn't know any spells.
Your spell library contained the following spells:

 Spells                   Type           Power      Damage    Failure   Level
 Ignite Poison            Fire/Alch      0%         N/A       99%         4
 Freezing Cloud           Conj/Ice/Air   0%         6-21      100%        5
 Haunt                    Necr/Summ      0%         N/A       100%        7
 Borgnjor's Revivificati  Necr           0%         N/A       100%        8
 Death's Door             Necr           0%         N/A       100%        9
 Cigotuvi's Dreadful Rot  Necr/Alch/Air  Unusable   N/A       N/A         2

Dungeon Overview and Level Annotations

Branches:
Dungeon (3/15)

Altars:
Makhleb


Innate Abilities, Weirdness & Mutations

You are a tree.
Your roots penetrate the ground, keeping you stationary.
You cannot be teleported.
You are immune to unholy pain and torment.
Your maximum health is greatly increased.
Your equipment is partially melded.
You are immune to sickness and miasma.
((Your stone body is resilient. (AC +3)))
You are immune to poison.
You resist negative energy. (rN+)
((You are resistant to electric shocks. (rElec)))
You are resistant to unholy torment.
You are immune to petrification.


Message History

Your +0 scale mail melds into your body.
Your roots penetrate the ground.
You hear some strange, mumbled words.
Something tries to affect you, but you resist.
You hear some strange, mumbled words.
A magic dart appears from out of thin air!
The magic dart hits you but does no damage.
The orc hits you but does no damage. x2
You cannot move. (Use ctrl+direction or * direction to attack while stationary and confused.)
You cannot move. (Use ctrl+direction or * direction to attack while stationary and confused.)
You cannot move. (Use ctrl+direction or * direction to attack while stationary and confused.)
You are too injured to fight recklessly!
You cannot move. (Use ctrl+direction or * direction to attack while stationary and confused.) Unknown command.
You cannot move. (Use ctrl+direction or * direction to attack while stationary and confused.)
You cannot move. (Use ctrl+direction or * direction to attack while stationary and confused.)
You cannot move. (Use ctrl+direction or * direction to attack while stationary and confused.)
You cannot move. (Use ctrl+direction or * direction to attack while stationary and confused.)
You are too injured to fight recklessly!
You cannot move. (Use ctrl+direction or * direction to attack while stationary and confused.)
You cannot move. (Use ctrl+direction or * direction to attack while stationary and confused.) Unknown command.
You cannot move. (Use ctrl+direction or * direction to attack while stationary and confused.)
You cannot move. (Use ctrl+direction or * direction to attack while stationary and confused.)
You cannot move. (Use ctrl+direction or * direction to attack while stationary and confused.)
You barely miss something.
Something hits you but does no damage. x2
The orc hits you but does no damage. x2; Something hits you but does no damage.
The orc hits you but does no damage.
You hear some strange, mumbled words.
A magic dart appears from out of thin air!
The magic dart hits you but does no damage.
You cannot move. (Use ctrl+direction or * direction to attack while stationary and confused.)
You nearly hit yourself!
The orc hits you with a +0 whip.
* * * LOW HITPOINT WARNING * * *
Something hits you but does no damage. The orc hits you but does no damage.
Something hits you but does no damage.
You cannot move. (Use ctrl+direction or * direction to attack while stationary and confused.)
You miss something. The orc hits you but does no damage.
Something hits you but does no damage. x2; The orc hits you with a +0 whip.
You die...

#...............#.....###
#...............#.....#..
#....)..<.......#........
#...............#........ .#
#...............###......
...####.................#......
.............Ko.........#......
...........[.{oo........#......
.o.......#####♣{b.†)....#......
##.......# ########...#......
#......... .....'...'......
#........... ..####...#...#..
............... #...#...#..
............... #...#...#..
..#....##...... #...#...#..
###.### ...... #####...#..
#...#..


You could see 3 orcs, a bat and a kobold.

Vanquished Creatures
  An adder (D:2)
  4 dart slugs
  4 orcs (D:3)
  3 ball pythons (D:2)
  4 endoplasms
  A giant cockroach (D:2)
  4 goblins
  5 hobgoblins
  6 bats
  3 kobolds
  4 rats
39 creatures vanquished.

Notes
Turn   | Place    | Note
-------+----------+-------------------------------------------
     0 | D:1      | Doomgape the Gargoyle Fighter began the quest for the Orb.
     0 | D:1      | Reached XP level 1. HP: 14/14 MP: 1/1
   130 | D:1      | Reached XP level 2. HP: 17/19 MP: 2/2
   633 | D:2      | Reached XP level 3. HP: 15/23 MP: 3/3
  1225 | D:3      | Found a burning altar of Makhleb.
  1321 | D:3      | Reached XP level 4. HP: 29/29 MP: 4/4
  1401 | D:3      | HP: 1/43 [orc/+0 whip (5)]
  1402 | D:3      | Slain by an orc

Illustrated notes

Levels and vault maps discovered:
D:1:      dpeg_arrival_windows_large_door, layout_loops_ring
D:2:      layout_rooms, minmay_tromino_v7
D:3:      layout_basic, mainiacjoe_overflow_chevrons,
          nicolae_overflow_hidden_temple, nicolae_overflow_hallway_of_the_gods,
          minmay_misc_feat_alley

Action                     |  1- 3 |  4- 6 || total
---------------------------+-------+-------++-------
  Melee: Flail             |    84 |    29 ||   113
    Use: Scroll            |     3 |       ||     3
         Potion            |       |     3 ||     3
 Armour: Scale mail        |    61 |    58 ||   119
         Skin              |       |    18 ||    18
  Dodge: Dodged            |    44 |    25 ||    69
  Block: Buckler           |    21 |    14 ||    35
